 Dungeon Crawl Stone Soup version 0.29.1-1-gd02db6906a (webtiles) character file.

Game seed: 18058446201051559564

19617 karrick the Basher (level 12, 0/77 HPs)
             Began as a Gargoyle Fighter on Sept 21, 2022.
             Was a High Priest of Okawaru.
             Slain by a water moccasin (2 damage)
             ... on level 1 of the Lair of Beasts.
             The game lasted 00:39:08 (18423 turns).

karrick the Basher (Gargoyle Fighter)              Turns: 18423, Time: 00:39:09

Health: 0/77       AC: 25    Str: 21    XL:     12   Next: 70%
Magic:  16/16      EV: 13    Int:  9    God:    Okawaru [*****.]
Gold:   474        SH:  7    Dex: 19    Spells: 11/11 levels left

rFire   . . .      SeeInvis .   M - +4 mace
rCold   . . .      Faith    +   c - +0 buckler
rNeg    + . .      Spirit   .   X - +3 ring mail
rPois   ∞          Reflect  .   d - +0 helmet
rElec   +          Harm     .   r - +0 cloak
rCorr   +          Rampage  .   j - +2 pair of gloves
Will    .....                   (no boots)
Stlth   ++........              w - amulet of faith
HPRegen 0.22/turn               C - +6 ring of dexterity
MPRegen 0.15/turn               E - ring of resist corrosion

@: no status effects
A: sickness immunity, AC +8, negative energy resistance 1, electricity
resistance, torment resistance 1, petrification resistance
a: Renounce Religion, Heroism, Finesse, Duel


You were on level 1 of the Lair of Beasts.
You worshipped Okawaru.
Okawaru was extremely pleased with you.
You visited 3 branches of the dungeon, and saw 15 of its levels.
You also visited: Ossuary.

You collected 683 gold pieces.
You spent 209 gold pieces at shops.

Inventory:

Hand Weapons
 a - a +0 flail
 p - a +1 flail of protection
 s - a +0 hammer
 u - a +2 hand axe of electrocution
 M - a +4 mace (weapon)
 P - the +8 trident of the Octopus King {venom, rElec rPois}
   (You found it on level 5 of the Dungeon)

   It poisons the flesh of those it strikes.
   rElec:     It insulates you from electricity.
   rPois:     It protects you from poison.
Missiles
 Y - 4 silver javelins (quivered)
Armour
 b - a +0 scale mail
 c - a +0 buckler (worn)
 d - a +0 helmet (worn)
 j - a +2 pair of gloves (worn)
 r - a +0 cloak (worn)
 O - the +1 chain mail of Impermeability {SInv}
   (You took it off a wight on level 7 of the Dungeon)

   SInv:      It lets you see invisible.
 S - the +1 scale mail of the Planets {Int+3}
   (You bought it in a shop on level 3 of the Dungeon)

   Int:       It affects your intelligence (+3).
 V - +0 acid dragon scales
 X - a +3 ring mail (worn)
Jewellery
 w - an amulet of faith (around neck)
 C - a +6 ring of dexterity (left hand)
 E - a ring of resist corrosion (right hand)
 Z - a ring of see invisible
Wands
 l - a wand of digging (5)
 z - a wand of iceblast (12)
 D - a wand of flame (8)
 Q - a wand of light (6)
 T - a wand of mindburst (14)
Scrolls
 e - 4 scrolls of enchant weapon
 g - 13 scrolls of identify
 h - 4 scrolls of teleportation
 i - 3 scrolls of immolation {unknown}
 m - 3 scrolls of enchant armour
 n - 2 scrolls of summoning {unknown}
 v - 3 scrolls of amnesia {unknown}
 x - a scroll of noise {unknown}
 y - 3 scrolls of magic mapping {unknown}
 B - a scroll of vulnerability {unknown}
 G - 4 scrolls of blinking
 H - 3 scrolls of fear {unknown}
 J - a scroll of brand weapon {unknown}
 U - 2 scrolls of butterflies {unknown}
 W - 3 scrolls of poison {unknown}
Potions
 f - 3 potions of mutation {unknown}
 o - a potion of magic
 q - a potion of flight {unknown}
 t - 2 potions of berserk rage {unknown}
 A - 4 potions of haste {unknown}
 F - 2 potions of brilliance {unknown}
 I - 2 potions of resistance
 K - 2 potions of invisibility {unknown}
 L - a potion of attraction {unknown}
 N - a potion of cancellation {unknown}
 R - 2 potions of lignification {unknown}
Miscellaneous
 k - a phial of floods


   Skills:
 * Level 9.7 Fighting
 - Level 0.5(7.0) Axes
 + Level 11.8 Maces & Flails
 + Level 1.7(1.8) Polearms
 + Level 0.1 Throwing
 + Level 10.3 Armour
 - Level 5.1 Dodging
 + Level 4.0 Stealth
 + Level 9.3 Shields
 * Level 5.9 Invocations


You had 11 spell levels left.
You didn't know any spells.
Your spell library contained the following spells:

 Spells                   Type           Power      Damage    Failure   Level
 Ensorcelled Hibernation  Hex/Ice        0%         N/A       73%         2
 Confusing Touch          Hex            0%         N/A       91%         3
 Gell's Gravitas          Tloc           0%         N/A       91%         3
 Spider Form              Tmut/Pois      0%         N/A       91%         3
 Teleport Other           Tloc           0%         N/A       91%         3
 Anguish                  Hex/Necr       0%         N/A       100%        4
 Yara's Violent Unravell  Hex/Tmut       0%         3d3       100%        5
 Dispersal                Tloc           0%         N/A       100%        6
 Enfeeble                 Hex            0%         N/A       100%        7


Dungeon Overview and Level Annotations

Branches:
Dungeon (12/15)            Temple (1/1) D:5            Lair (2/5) D:9
    Orc (0/2) D:12        Ossuary (visited)
  Swamp: Lair:2-3    Shoals: Lair:2-3     Snake: Lair:2-3    Spider: Lair:2-3

Altars:
Ashenzari
Cheibriados
Dithmenos
Elyvilon
Fedhas
Gozag
Hepliaklqana
Kikubaaqudgha
Makhleb
Nemelex Xobeh
Okawaru
Qazlal
Ru
Sif Muna
Trog
Uskayaw
Vehumet
Wu Jian
Xom
Yredelemnul
Zin
The Shining One

Shops:
D:3 ?*[(   D:4 (   D:6 *

Portals:
Trove: D:10 (give +3 gold dragon scales)

Annotations:
D:8 Maggie
D:9 exclusion: statue
D:12 exclusion: orange crystal statue


Innate Abilities, Weirdness & Mutations

You are immune to sickness and miasma.
Your stone body is resilient. (AC +8)
You are immune to poison.
You resist negative energy. (rN+)
You are resistant to electric shocks. (rElec)
You are resistant to unholy torment.
You are immune to petrification.


Message History

The yak gores you!
* * * LOW HITPOINT WARNING * * *
The yak attacks as you move away! You block the yak's attack.
Found a leather armour.
Okay, then.
The yak attacks as you move away! The yak barely misses you.
A water moccasin comes into view.
The water moccasin hisses angrily.
The water moccasin closely misses you. The yak attacks as you move away!
The yak gores you but does no damage.
Found a ring mail.
The water moccasin attacks as you move away!
You block the water moccasin's attack.
The water moccasin bites you but does no damage.
The water moccasin attacks as you move away!
The water moccasin closely misses you.
The water moccasin attacks as you move away!
The water moccasin bites you but does no damage.
You block the water moccasin's attack.
The water moccasin bites you but does no damage.
You block the water moccasin's attack.
The water moccasin bites you but does no damage.
There is a stone staircase leading up here.
The water moccasin bites you but does no damage.
The water moccasin closely misses you.
You climb upwards.
There is a stone staircase leading down here.
You enter the shallow water.
Moving in this stuff is going to be slow.
The water moccasin closely misses you. You block the water moccasin's attack.
The water moccasin attacks as you move away!
The water moccasin closely misses you. The water moccasin bites you!
* * * LOW HITPOINT WARNING * * *
The water moccasin bites you but does no damage.
The water moccasin barely misses you.
The water moccasin bites you but does no damage.
The water moccasin attacks as you move away!
You block the water moccasin's attack. The water moccasin bites you.
You die...

#.##~~~≈≈~~≈~~~##
#.#
#..~.~≈≈~..~≈~.#
#.#
##...~≈≈≈.>.~~~.#
#.#
#P.##~≈≈~~.~~~~~#
#.##
##.##~~≈≈≈≈≈≈~~~##
#..#
#.##.~≈≈≈≈≈≈≈...#
#.##
##..P..~~≈≈~~~...##
#..#
......#..~....##S.#
##.##
#...######~#.###@##
#..# .#..# #####
#..####.## ##..#
##...##..# .#..##
##.....## .....#
##..### .....###
#..#
....#..#########
#..#
..#............#
#.##
..###########..#
#.#


You could see a water moccasin.

Vanquished Creatures
  A hydra (D:12)
  A catoblepas (Lair:2)
  2 two-headed ogres (D:10)
  A cyclops (D:11)
  3 manticores
  2 cane toads (Lair:1)
  A rime drake (Lair:1)
  A kobold demonologist (D:11)
  2 komodo dragons
  An unseen horror (D:11)
  3 trolls
  A polar bear (Lair:1)
  Grinder (D:3)
  A slime creature (D:12)
  Sigmund (D:5)
  2 shadows
  2 wraiths
  35 yaks
  2 wyverns
  A basilisk (Lair:1)
  4 steam dragons (D:7)
  Menkaure (D:4)
  3 water moccasins
  3 acid dragons (D:10)
  3 orc warriors
  5 sky beasts (D:7)
  An ice beast (D:7)
  2 ogres (D:5)
  11 wolves
  5 centaurs
  A phantom (D:7)
  4 bullfrogs
  A necrophage (D:4)
  2 gnoll sergeants
  3 scorpions
  12 wights
  15 killer bees
  A howler monkey (D:6)
  3 centaur zombies (Ossuary)
  A hound (D:6)
  Crazy Yiuf (D:2)
  A gnoll bouda (Lair:1)
  A jelly (D:6)
  8 orc priests
  Ijyb (D:3)
  Jessica (D:2)
  2 iguanas (D:4)
  Terence (D:2)
  4 orc wizards
  5 mummies
  Robin (D:2)
  7 gnolls
  2 shadow imps (D:5)
  An ufetubus (D:6)
  2 worms
  3 dart slugs
  36 orcs
  5 bats
  4 endoplasms
  8 giant cockroaches
  15 goblins
  4 hobgoblins
  2 jackals (D:3)
  7 quokkas
  7 ball pythons
  6 frilled lizards
  A goblin zombie (D:6)
  7 hobgoblin zombies
  6 kobolds
  4 rats
  A spectral orc (D:6)
299 creatures vanquished.

Vanquished Creatures (others)
  A sky beast (D:7)
  A white imp (D:7)
  3 fungi
  4 plants
9 creatures vanquished.

Grand Total: 308 creatures vanquished

Notes
Turn   | Place    | Note
-------+----------+-------------------------------------------
     0 | D:1      | karrick the Gargoyle Fighter began the quest for the Orb.
     0 | D:1      | Reached XP level 1. HP: 14/14 MP: 1/1
   370 | D:1      | Reached XP level 2. HP: 19/19 MP: 2/2
  1229 | D:2      | Reached XP level 3. HP: 24/24 MP: 3/3
  1365 | D:2      | Noticed Jessica
  1378 | D:2      | Killed Jessica
  1379 | D:2      | Reached XP level 4. HP: 17/29 MP: 4/4
  1525 | D:2      | Noticed Terence
  1534 | D:2      | Killed Terence
  1535 | D:2      | Reached skill level 3 in Maces & Flails
  1872 | D:2      | Found a shadowy altar of Dithmenos.
  2218 | D:2      | Found a runed translucent door.
  2219 | D:2      | Noticed Crazy Yiuf
  2241 | D:2      | Noticed Robin
  2285 | D:2      | Killed Robin
  2286 | D:2      | Reached XP level 5. HP: 9/33 MP: 5/5
  2621 | D:2      | Found a faded altar of an unknown god.
  2745 | D:2      | Killed Crazy Yiuf
  3077 | D:3      | Noticed Grinder
  3241 | D:4      | Noticed Menkaure
  3252 | D:4      | Killed Menkaure
  3253 | D:4      | Reached skill level 4 in Maces & Flails
  3253 | D:4      | Reached XP level 6. HP: 4/39 MP: 6/6
  3650 | D:4      | Found a sacrificial altar of Ru.
  3803 | D:4      | Found a glowing silver altar of Zin.
  3935 | D:4      | Reached skill level 1 in Dodging
  3935 | D:4      | Reached skill level 1 in Stealth
  3995 | D:4      | Reached XP level 7. HP: 44/44 MP: 7/7
  4007 | D:4      | Found Iwaanwemn's Antique Weapon Shoppe.
  4143 | D:4      | Reached skill level 5 in Maces & Flails
  4383 | D:5      | Entered Level 5 of the Dungeon
  4546 | D:5      | Reached skill level 5 in Armour
  4860 | D:5      | Found the +8 trident of the Octopus King {venom, rElec
                  | rPois}
  4861 | D:5      | Noticed Sigmund
  4895 | D:3      | Found Kudysmiu's Assorted Antiques.
  4903 | D:3      | Bought a scroll labelled POYSUI SOT ZOSHYI for 19 gold
                  | pieces
  4903 | D:3      | Bought a scroll labelled ROX VIXKUXUBIC for 19 gold pieces
  4938 | D:3      | Found Opirry's Antique Armour Shoppe.
  4980 | D:3      | Paralysed by Grinder for 3 turns
  4984 | D:3      | Killed Grinder
  5111 | D:3      | Found Kaangoto's Magic Scroll Emporium.
  5221 | D:3      | Noticed Ijyb
  5236 | D:3      | Killed Ijyb
  5237 | D:3      | Reached skill level 6 in Maces & Flails
  5237 | D:3      | Reached XP level 8. HP: 33/48 MP: 8/8
  5490 | D:3      | Found Suluac's Weapon Shoppe.
  5707 | D:6      | Found a sand-covered staircase.
  5716 | Ossuary  | Entered an ossuary
  5767 | Ossuary  | Reached skill level 5 in Fighting
  6025 | D:6      | Found Zapt's General Store.
  6302 | D:7      | Reached skill level 7 in Maces & Flails
  6488 | D:7      | Reached skill level 5 in Shields
  6635 | D:7      | Reached XP level 9. HP: 52/55 MP: 9/9
  6813 | D:7      | Reached skill level 8 in Maces & Flails
  6832 | D:7      | Identified the +1 chain mail of Impermeability {SInv}
  7705 | D:7      | Found a glowing golden altar of the Shining One.
  8036 | D:6      | Reached skill level 9 in Maces & Flails
  8046 | D:6      | Reached XP level 10. HP: 15/60 MP: 10/10
  8405 | D:6      | Found a basalt altar of Yredelemnul.
  8584 | D:5      | Found a sparkling altar of Nemelex Xobeh.
  8679 | D:5      | Killed Sigmund
  8770 | D:5      | Found a staircase to the Ecumenical Temple.
  8778 | Temple   | Entered the Ecumenical Temple
  9100 | D:5      | Found a white marble altar of Elyvilon.
  9109 | D:5      | Found an ornate altar of the Wu Jian Council.
  9549 | D:3      | Bought a scorched scale mail for 171 gold pieces
  9549 | D:3      | Identified the +1 scale mail of the Planets {Int+3} (You
                  | bought it in a shop on level 3 of the Dungeon)
  9695 | D:8      | Noticed Maggie
  9716 | D:9      | Found an iron altar of Okawaru.
  9724 | D:9      | Became a worshipper of Warmaster Okawaru
  9956 | D:9      | Found a radiant altar of Vehumet.
  9971 | D:9      | Found a staircase to the Lair.
 10167 | D:9      | Reached * piety under Okawaru
 10972 | D:9      | Found a shimmering blue altar of Sif Muna.
 11092 | D:10     | Entered Level 10 of the Dungeon
 11134 | D:10     | Reached skill level 10 in Maces & Flails
 11246 | D:9      | Reached ** piety under Okawaru
 11723 | D:10     | Noticed a two-headed ogre
 11903 | D:10     | Killed a two-headed ogre
 11903 | D:10     | Reached *** piety under Okawaru
 11904 | D:10     | Reached XP level 11. HP: 50/67 MP: 8/11
 12127 | D:10     | Found a portal to a secret trove of treasure.
 12146 | D:10     | Noticed a two-headed ogre
 12158 | D:10     | Killed a two-headed ogre
 12159 | D:10     | Reached skill level 1 in Invocations
 12810 | D:11     | Noticed a manticore
 12818 | D:11     | Reached **** piety under Okawaru
 12827 | D:11     | Killed a manticore
 13101 | D:11     | Noticed a cyclops
 13122 | D:11     | Killed a cyclops
 13687 | D:12     | HP: 1/68 [orc priest/divine providence (12)]
 14030 | D:12     | Noticed a manticore
 14040 | D:12     | Killed a manticore
 14041 | D:12     | Reached skill level 10 in Armour
 14249 | D:12     | Noticed an orange crystal statue
 14381 | D:12     | Found a staircase to the Orcish Mines.
 14415 | D:12     | Reached skill level 5 in Dodging
 14830 | D:12     | Noticed a five-headed hydra
 14844 | D:12     | HP: 2/68 [five-headed hydra (8)]
 14845 | D:12     | Killed a five-headed hydra
 15161 | D:12     | Noticed a manticore
 15177 | D:12     | Killed a manticore
 15177 | D:12     | Reached ***** piety under Okawaru
 15178 | D:12     | Reached skill level 1 in Polearms
 15440 | D:12     | Noticed an eight-headed hydra
 15564 | Lair:1   | Entered Level 1 of the Lair of Beasts
 16044 | Lair:1   | Reached XP level 12. HP: 19/75 MP: 15/15
 16877 | Lair:1   | Reached skill level 11 in Maces & Flails
 16978 | Lair:1   | Reached skill level 5 in Invocations
 17489 | Lair:1   | Received a gift from Okawaru
 18101 | Lair:2   | Noticed a catoblepas
 18119 | Lair:2   | Killed a catoblepas
 18389 | Lair:2   | HP: 1/77 [yak (10)]
 18419 | Lair:1   | HP: 1/77 [water moccasin (7)]
 18423 | Lair:1   | Slain by a water moccasin

Illustrated notes

Levels and vault maps discovered:
D:1:      dpeg_arrival_three_smaller_balls, layout_loops_ring
D:2:      layout_loops_ring, dreamdust_ecumenical_altar_angels_and_demons,
          basic_altar, minmay_quantized, uniq_robin, uniq_terence,
          uniq_crazy_yiuf_cottage, uniq_jessica
D:3:      layout_basic, serial_shops, nicolae_shop_crystal, shop_statue,
          shop_statue, nicolae_square_shop, grunt_decor_fettered, uniq_ijyb,
          uniq_grinder
D:4:      layout_basic, mainiacjoe_overflow_alcove_2,
          nicolae_ru_great_annihilating_truth, serial_shops,
          nicolae_shop_hallway_plus, uniq_menkaure
D:5:      layout_loops_ring, mainiacjoe_overflow_swirl,
          nemelex_spade_bored_becter, minmay_temple_entry_drinking_statues,
          minmay_misc_feat_chi, lightli_minifort, uniq_sigmund
D:6:      layout_gridville, yredelemnul_forgotten_temple_becter, serial_shops,
          shop, nicolae_ossuary_entry_giza
D:7:      layout_loops_cross, tso_oasis_becter, st_stairs_5, minivault_19,
          hangedman_misty_isle
D:8:      layout_basic, uniq_maggie
D:9:      layout_stronghold, vehumet_statue, mainiacjoe_overflow_boulevard,
          lemuel_coloured_pillars_altar, lair_entry_dummy
D:10:     layout_rooms, nicolae_trove_entry_free_sample,
          minmay_misc_feat_enclosed, kennysheep_opposing_triangles
D:11:     layout_gridville
D:12:     layout_roguey, david_orc_5, minivault_16,
          hangedman_abyss_or_decor_clamps, grunt_livestock,
          chequers_hall_statues_y
Temple:   chequers_temple_sunken
Lair:1:   layout_loops_ring, dreamdust_gnoll_shepherd,
          infiniplex_staircase_pool_2
Lair:2:   layout_long_grid, chequers_serial_rivers_micro_b, patterned_corridor

Skill      XL: |  1  2  3  4  5  6  7  8  9 10 11 12 |
---------------+-------------------------------------+-----
Maces & Flails | 3 4 6 7 9 10 11 | 11.8
Armour         | 4 5 6 7 9 10 | 10.3
Fighting       | 4 5 6 7 8 9 |  9.7
Shields        | 4 5 6 7 8 9 |  9.3
Dodging        | 1 2 3 4 5 |  5.1
Stealth        | 1 2 3 4 |  4.0
Invocations    | 4 5 |  5.9
Polearms       | 1 |  1.7
Axes           | |  0.5
Throwing       | |  0.1

Action                   |  1- 3 |  4- 6 |  7- 9 | 10-12 || total
-------------------------+-------+-------+-------+-------++-------
Melee: Flail             |    89 |   163 |   153 |       ||   405
       Hand axe          |       |       |    47 |   260 ||   307
       Mace              |       |       |   200 |   681 ||   881
       Trident           |       |       |       |    25 ||    25
Throw: Javelin           |       |       |       |     4 ||     4
Invok: Heroism           |       |       |       |     8 ||     8
       Finesse           |       |       |       |     2 ||     2
  Use: Potion            |       |     2 |     4 |     5 ||    11
       Scroll            |       |       |       |     6 ||     6
 Stab: Invisible         |       |     1 |       |       ||     1
       Paralysed         |       |     1 |       |       ||     1
       Sleeping          |       |       |       |     1 ||     1
Armor: Scale mail        |    56 |    88 |   213 |   202 ||   559
       Ring mail         |       |       |       |   327 ||   327
Dodge: Dodged            |    44 |    84 |   194 |   548 ||   870
Block: Buckler           |    24 |    25 |   126 |   323 ||   498
